 Dungeon Crawl Stone Soup version 0.28-a0-1613-gdaab1c2f9b (webtiles) character file.

Game seed: 17481687757511091913

676 issech the Cudgeller (level 7, -3/67 HPs)
             Began as a Troll Fighter on Jan 21, 2022.
             Slain by a gnoll sergeant (8 damage)
             ... on level 4 of the Dungeon.
             The game lasted 00:15:05 (3970 turns).

issech the Cudgeller (Troll Fighter)                Turns: 3970, Time: 00:15:06

Health: -3/67      AC:  4    Str: 25    XL:     7   Next: 33%
Magic:  6/6        EV:  9    Int: 10    God:
Gold:   157        SH:  8    Dex: 11    Spells: 6/6 levels left

rFire   . . .      SeeInvis +   h - +0 mace
rCold   . . .      Faith    .   c - +0 kite shield
rNeg    . . .      Spirit   .   b - +0 robe
rPois   .          Reflect  .   (helmet restricted)
rElec   .          Harm     .   (no cloak)
rCorr   .          Rampage  .   (gloves unavailable)
Will    .....                   (boots unavailable)
Stlth   +.........              (no amulet)
HPRegen 1.01/turn               w - ring of see invisible
MPRegen 0.10/turn               r - +6 ring of intelligence

@: no status effects
A: large, unfitting armour, claws 3, regeneration 1, shaggy fur 1, tough skin 1
a: no special abilities


You were on level 4 of the Dungeon.
You visited 1 branch of the dungeon, and saw 4 of its levels.

You collected 157 gold pieces.

Inventory:

Hand Weapons
 a - a +0 flail
 h - a +0 mace (weapon)
 m - a +0 halberd
 n - a +0 hunting sling
 o - a +0 scythe
Missiles
 e - 143 stones (quivered)
 g - 50 bolts
 i - 23 sling bullets
 u - 5 boomerangs
 z - 15 arrows
Armour
 b - a +0 robe (worn)
 c - a +0 kite shield (worn)
Magical Staves
 x - a staff of air
Jewellery
 f - a ring of fire
 r - a +6 ring of intelligence (right claw)
 w - a ring of see invisible (left claw)
 y - a ring of poison resistance
Scrolls
 k - a scroll of magic mapping
 p - a scroll of blinking {unknown}
 s - a scroll of identify {unknown}
 t - a scroll of summoning {unknown}
 v - 2 scrolls of teleportation {unknown}
Potions
 d - a potion of might
 j - a potion of curing
 l - a potion of heal wounds {unknown}
 q - a potion of haste {unknown}


   Skills:
 + Level 3.5 Fighting
 + Level 4.3 Maces & Flails
 + Level 0.7 Throwing
 + Level 3.9 Dodging
 + Level 1.0 Stealth
 + Level 4.0 Shields


You had 6 spell levels left.
You didn't know any spells.
Your spell library contained the following spells:

 Spells                   Type           Power      Damage    Failure   Level
 Dazzling Flash           Conj/Hex       0%         N/A       95%         3
 Agony                    Necr           0%         N/A       100%        5
 Silence                  Hex/Air        0%         N/A       100%        5


Dungeon Overview and Level Annotations

Branches:
Dungeon (4/15)
 Temple: D:4-7

Altars:
Ru
Trog

Shops:
D:4 (


Innate Abilities, Weirdness & Mutations

You are too large for most types of armour.
You have claws for hands.
Your natural rate of healing is unusually fast.
You are covered in fur. (AC +1)
You have tough skin. (AC +1)


Message History

The gnoll sergeant hits you with a +0 spear.
The gnoll sergeant blocks your attack.
The gnoll sergeant is moderately wounded.
You block the gnoll sergeant's attack. The gnoll sergeant closely misses you.
You see here a +0 dagger.
The gnoll sergeant hits you from afar with a +0 spear.
The gnoll sergeant hits you from afar with a +0 spear.
The gnoll sergeant hits you from afar with a +0 spear.
The gnoll sergeant closely misses you.
The gnoll sergeant hits you with a +0 spear.
You barely miss the gnoll sergeant.
The gnoll sergeant is lightly wounded.
The gnoll sergeant hits you with a +0 spear!
You thump the gnoll sergeant!
The gnoll sergeant is severely wounded.
The gnoll sergeant closely misses you.
The gnoll sergeant hits you with a +0 spear!
You block the gnoll sergeant's attack.
The gnoll sergeant hits you from afar with a +0 spear.
The black bear growls angrily.
The gnoll sergeant hits you with a +0 spear!
The gnoll sergeant hits you with a +0 spear.
You block the gnoll sergeant's attack.
You sock the black bear!
The black bear is heavily wounded.
The black bear bites you but does no damage.
The black bear claws you.
The black bear claws you but does no damage.
The gnoll sergeant hits you from afar with a +0 spear!
* * * LOW HITPOINT WARNING * * *
The gnoll sergeant closely misses you.
The gnoll sergeant hits you with a +0 spear!
* * * LOW HITPOINT WARNING * * *
You block the black bear's attack. The black bear closely misses you.
You block the black bear's attack.
The gnoll sergeant hits you with a +0 spear!
* * * LOW HITPOINT WARNING * * *
The gnoll sergeant hits you from afar with a +0 spear!
You die...

#....).....#.......#.....# #
........#..#..###..#.....# #
...........#..###..'.....# #
........#..#.......'.....# #
#....##....#..###..'.....# #
#..........#..###).#..####
###### #...#####..#.......#..#
#..... #...# #..#########..#
#.#### ##.##
#.....h.@.....######.# ...#
###.....g............#.# #..#
#....<##...#......##.#.#
#..####.###.##.....#..#.##.#.#
#.......# #.###.####..#<.....#
####.##.###.....####..####.###
#....##...............####.#
#....####.......####.......#
#....# ###.....# #########


You could see a black bear and a gnoll sergeant.

Vanquished Creatures
  Sigmund (D:3)
  A black bear (D:4)
  The ghost of lonewolfV2 the Chopper, an amateur DsBe of Trog (D:3)
  An ogre (D:4)
  A howler monkey (D:4)
  A hound (D:4)
  2 iguanas (D:4)
  3 gnolls
  3 adders (D:2)
  5 dart slugs
  An orc (D:4)
  6 endoplasms
  5 giant cockroaches
  6 goblins
  12 hobgoblins
  A quokka (D:2)
  8 ball pythons
  3 bats
  4 frilled lizards
  12 kobolds
  10 rats
87 creatures vanquished.

Vanquished Creatures (others)
  3 fungi (D:1)
  6 plants (D:1)
9 creatures vanquished.

Grand Total: 96 creatures vanquished

Notes
Turn   | Place    | Note
-------+----------+-------------------------------------------
     0 | D:1      | issech the Troll Fighter began the quest for the Orb.
     0 | D:1      | Reached XP level 1. HP: 22/22 MP: 0/0
   106 | D:1      | Reached XP level 2. HP: 29/29 MP: 1/1
   109 | D:1      | Found a faded altar of an unknown god.
   401 | D:1      | Reached XP level 3. HP: 36/36 MP: 2/2
  1248 | D:2      | Reached XP level 4. HP: 38/44 MP: 3/3
  2276 | D:3      | Noticed Sigmund
  2375 | D:3      | Killed Sigmund
  2376 | D:3      | Reached XP level 5. HP: 44/53 MP: 4/4
  2376 | D:3      | Reached XP level 6. HP: 51/61 MP: 5/5
  2948 | D:3      | Found a bloodstained altar of Trog.
  2949 | D:3      | Found a sacrificial altar of Ru.
  3016 | D:4      | Noticed lonewolfV2's ghost (amateur DsBe)
  3035 | D:4      | Found a runed translucent gate.
  3035 | D:4      | Found a runed translucent gate.
  3037 | D:4      | Found a runed translucent gate.
  3208 | D:4      | Found Oraenu's Weapon Shoppe.
  3551 | D:4      | Reached XP level 7. HP: 52/67 MP: 6/6
  3661 | D:4      | Reached skill level 1 in Stealth
  3857 | D:3      | Killed lonewolfV2's ghost
  3970 | D:4      | Slain by a gnoll sergeant

Illustrated notes

Levels and vault maps discovered:
D:1:      onia_arrival_pyramid, layout_loops_ring,
          shapermc_ecumenical_altar_mp_ritualfount, minivault_4,
          minmay_misc_feat_iff
D:2:      layout_basic, minmay_misc_feat_diagonals
D:3:      layout_loops_ring, gammafunk_temple_overflow_statue, uniq_sigmund
D:4:      layout_loops_cross, serial_shops, nicolae_shop_bloodbath_and_beyond,
          gammafunk_ghost_split

Skill      XL: |  1  2  3  4  5  6  7 |
---------------+----------------------+-----
Maces & Flails | 2 3 4 |  4.3
Dodging        | 3 |  3.9
Shields        | 3 4 |  4.0
Fighting       | 3 |  3.5
Stealth        | 1 |  1.0
Throwing       | |  0.7

Action                   |  1- 3 |  4- 6 |  7- 9 || total
-------------------------+-------+-------+-------++-------
Melee: Flail             |    70 |       |       ||    70
       Mace              |    87 |   151 |    62 ||   300
Throw: Stone             |     1 |    16 |       ||    17
  Use: Scroll            |       |     1 |       ||     1
Armor: Robe              |    60 |    33 |    32 ||   125
Dodge: Dodged            |    69 |    58 |    38 ||   165
Block: Kite shield       |    58 |    76 |    43 ||   177

Table legend: (Time is in decaauts)
 A = Elapsed time spent in this place.
 B = Non-inter-level travel time spent in this place.
 C = Inter-level travel time spent in this place.
 D = Time resting spent in this place.
 E = Time spent auto-exploring this place.
 F = Levels seen in this place.
 G = Mean time per level.
                   A        B        C        D        E       F      G
               +--------+--------+--------+--------+--------+-----+--------+
         Total |   4126 |   4112 |     14 |    109 |   1931 |   4 | 1031.5 |
       Dungeon |   4126 |   4112 |     14 |    109 |   1931 |   4 | 1031.5 |
               +--------+--------+--------+--------+--------+-----+--------+

Top non-repeatable levels by time:
     D:2: 1256 daAuts
     D:1: 1105 daAuts
     D:4: 919 daAuts
     D:3: 844 daAuts
